 Dungeon Crawl Stone Soup version 0.29-a0-414-g5075937ec3 (webtiles) character file.

Game seed: 10161271476821553338

43 jlumianski the Skirmisher (level 3, -4/29 HPs)
             Began as a Demonspawn Fighter on May 15, 2022.
             Killed from afar by an orc wizard (8 damage)
             ... with a magic dart
             ... on level 3 of the Dungeon.
             The game lasted 00:04:42 (1718 turns).

jlumianski the Skirmisher (Demonspawn Fighter)      Turns: 1718, Time: 00:04:43

Health: -4/29      AC:  7    Str: 18    XL:     3   Next: 37%
Magic:  3/3        EV:  9    Int:  9    God:
Gold:   74         SH:  4    Dex: 12    Spells: 2/2 levels left

rFire   . . .      SeeInvis .   a - +0 war axe
rCold   + . .      Faith    .   c - +0 buckler
rNeg    . . .      Spirit   .   b - +0 scale mail
rPois   .          Reflect  .   m - +0 helmet
rElec   .          Harm     .   (no cloak)
rCorr   .          Rampage  .   (no gloves)
Will    .....                   (no boots)
Stlth   ..........              (no amulet)
HPRegen 0.09/turn               k - ring of protection from cold
MPRegen 0.08/turn               (no ring)

@: no status effects
A: foul stench 1, spiny 1
a: no special abilities


You were on level 3 of the Dungeon.
You visited 1 branch of the dungeon, and saw 3 of its levels.

You collected 74 gold pieces.

Inventory:

Hand Weapons
 a - a +0 war axe (weapon)
 j - a +1 dagger of protection
 q - a +0 mace of pain
Missiles
 f - 40 stones (quivered)
 p - 2 poisoned darts
Armour
 b - a +0 scale mail (worn)
 c - a +0 buckler (worn)
 m - a +0 helmet (worn)
Jewellery
 k - a ring of protection from cold (left hand)
Wands
 r - a wand of mindburst (7)
Scrolls
 i - a scroll of teleportation
 s - a scroll of fog {unknown}
Potions
 d - a potion of might
 e - 2 potions of heal wounds
 g - a potion of mutation
 h - a potion of attraction {unknown}
 l - a potion of degeneration {unknown}
 n - a potion of curing
 o - a potion of invisibility {unknown}


   Skills:
 + Level 3.4 Fighting
 + Level 2.2 Axes
 + Level 3.1 Armour
 + Level 3.0 Shields


You had 2 spell levels left.
You didn't know any spells.
Your spell library was empty.

Dungeon Overview and Level Annotations

Branches:
Dungeon (3/15)

Altars:


Innate Abilities, Weirdness & Mutations

You may rarely emit foul miasma when damaged in melee.
You are partially covered in sharp spines.


Message History

You kill the orc!
Things that are here:
a +0 whip; a +0 leather armour; an orc corpse
There is a stone staircase leading down here.
You start resting.
HP restored.
You climb downwards.
You hear the sound of rushing water.
There is an entrance to a sewer on this level.
Hurry and find it before the portal rusts away!
You hear the slow rusting of a very distant drain.
The frilled lizard barely misses you.
The frilled lizard is struck by your spines.
You kill the frilled lizard!
There is a stone staircase leading up here.
An orc priest comes into view. It is wielding a +0 dagger.
The orc priest shouts!
The orc priest calls down the wrath of Beogh upon you.
Beogh smites you!
There is a stone staircase leading up here.
An orc comes into view.
It is wielding a +0 dagger and quivering boomerangs of dispersal.
Found a scroll labelled BAAGAZ USER.
The orc shouts!
The orc throws a boomerang of dispersal.
The boomerang of dispersal barely misses you.
The orc wizard casts a spell.
The orc wizard flickers and vanishes!
Deactivating autopickup; reactivate with Ctrl-A.
The orc priest invokes the aid of Beogh against you.
Beogh smites you!
* * * LOW HITPOINT WARNING * * *
You hear a shout!
The orc priest looks braver for a moment.
The orc hits you with a +0 trident.
* * * LOW HITPOINT WARNING * * *
There is a stone staircase leading up here.
The orc throws a boomerang of dispersal.
You block the boomerang of dispersal.
A magic dart appears from out of thin air!
The magic dart hits you!
You die...

##................. ..#
#...[.......#.#$.o.
#.(.###....>........#
.o.
.o......#..##.....#####.
#.##........o........
#..#.........###..##$. #
#.......{...........
....#..##.....#........
........@o####..###..###
?...##..### #.## .## . .
#.... ..# ....... ####
#######.. ... .... ....


You could see an orc priest and 2 orcs.

Vanquished Creatures
  An adder (D:2)
  A dart slug (D:1)
  An orc (D:2)
  An endoplasm (D:1)
  2 giant cockroaches (D:2)
  5 goblins
  2 hobgoblins (D:1)
  5 kobolds (D:1)
  5 quokkas
  A ball python (D:2)
  A frilled lizard (D:3)
  3 rats (D:1)
28 creatures vanquished.

Notes
Turn   | Place    | Note
-------+----------+-------------------------------------------
     0 | D:1      | jlumianski the Demonspawn Fighter began the quest for the
                  | Orb.
     0 | D:1      | Reached XP level 1. HP: 18/18 MP: 1/1
   360 | D:1      | Gained mutation: You are partially covered in sharp spines.
                  | [demonic ancestry]
   360 | D:1      | Reached XP level 2. HP: 23/24 MP: 2/2
  1132 | D:2      | Gained mutation: You may rarely emit foul miasma when
                  | damaged in melee. [demonic ancestry]
  1132 | D:2      | Reached XP level 3. HP: 26/29 MP: 3/3
  1718 | D:3      | Killed from afar by an orc wizard

Illustrated notes

Levels and vault maps discovered:
D:1:      dpeg_arrival_castle, layout_basic
D:2:      layout_loops_ring
D:3:      layout_rooms, cheibrodos_sewer_entry_bend, mrwooster_statue_mirror,
          kennysheep_jessica_study, uniq_crazy_yiuf_cottage, uniq_natasha

Skill      XL: |  1  2 |
---------------+-------+-----
Axes           | 2 |  2.2
Armour         | 3 |  3.1
Shields        | 3 |  3.0
Fighting       | |  3.4

Action                   || total
-------------------------++-------
Melee: War axe           ||    54
Throw: Stone             ||     3
  Use: Scroll            ||     5
       Potion            ||     2
Armor: Scale mail        ||    23
Dodge: Dodged            ||    25
Block: Buckler           ||    13

Table legend: (Time is in decaauts)
 A = Elapsed time spent in this place.
 B = Non-inter-level travel time spent in this place.
 C = Inter-level travel time spent in this place.
 D = Time resting spent in this place.
 E = Time spent auto-exploring this place.
 F = Levels seen in this place.
 G = Mean time per level.
                   A        B        C        D        E       F      G
               +--------+--------+--------+--------+--------+-----+--------+
         Total |   1750 |   1703 |     47 |    166 |    989 |   3 |  583.3 |
       Dungeon |   1750 |   1703 |     47 |    166 |    989 |   3 |  583.3 |
               +--------+--------+--------+--------+--------+-----+--------+

Top non-repeatable levels by time:
     D:1: 965 daAuts
     D:2: 727 daAuts
     D:3: 58 daAuts
